 Dungeon Crawl Stone Soup version 0.31.0-11-ge490571c62 (webtiles) character file.

Game seed: 16404234365963906879

25 qw the Shooter (level 2, 0/14 HPs)
             Began as a Spriggan Hunter on Feb 4, 2024.
             Slain by an endoplasm (3 damage)
             ... on level 1 of the Dungeon.
             The game lasted 00:00:02 (572 turns).

qw the Shooter (Spriggan Hunter)                     Turns: 572, Time: 00:00:02

Health: 0/14       AC:  2    Str:  7    XL:     2   Next: 82%
Magic:  3/3        EV: 19    Int: 10    God:
Gold:   14         SH:  0    Dex: 18    Spells: 1/1 levels left

rFire   . . .        a - +0 shortbow (elec)
rCold   . . .        (shield currently unavailable)
rNeg    . . .        c - +0 robe
rPois   .            (helmet restricted)
rElec   .            (no cloak)
rCorr   .            (gloves unavailable)
SInv    +            (boots unavailable)
Will    .....        (no amulet)
Stlth   ++           (no ring)
HPRegen 0.22/turn    (no ring)
MPRegen 0.08/turn

%: no passive effects
@: about to teleport, very quick
A: very small, no large weapons, unfitting armour, see invisible, speed 3,
mutation resistance 1
a: no special abilities


You were on level 1 of the Dungeon.
You visited 1 branch of the dungeon, and saw 2 of its levels.

You collected 14 gold pieces.


Innate Abilities, Weirdness & Mutations

You are very small and have problems with some larger weapons.
You are too small for most types of armour.
You have supernaturally acute eyesight. (SInv)
You cover ground extremely quickly. (Speed+++)
You are somewhat resistant to further mutation.


   Skills:
 - Level 1.5 Fighting
 + Level 4.3 Ranged Weapons
 - Level 4.0 Dodging
 - Level 1.5 Stealth


You had one spell level left.
You didn't know any spells.
Your spell library was empty.

Inventory:

Hand Weapons
 a - a +0 shortbow of electrocution (weapon)
Armour
 c - a +0 robe (worn)
Potions
 d - a potion of enlightenment

Dungeon Overview and Level Annotations

Branches:
Dungeon (2/15)

Altars:


Message History

You feel robust.
You feel genetically stable.
You start resting.
HP restored.
Done exploring.
555 ||| DROPPING scroll of butterflies.
You drop a scroll of butterflies.
Done exploring.
What level of the Dungeon? (default 1, ? - help)
There is a stone staircase leading down here.
You climb downwards.
The kobold shouts!
Found 16 gold pieces and a sling.
There is a stone staircase leading up here.
There are monsters nearby!
Waypoint 1 assigned to D:2.
564 ||| STAIRDANCE The endoplasm quivers.
The endoplasm misses you.
You climb upwards.
There is a stone staircase leading down here.
You climb downwards.
The endoplasm hits you.
The kobold throws a stone.
The stone closely misses you.
The stone hits the endoplasm.
There is a stone staircase leading up here.
568 ||| STAIRDANCE The endoplasm freezes you.
You are frozen.
You climb upwards.
There is a stone staircase leading down here.
You shoot an arrow.
The arrow hits the endoplasm but does no damage.
The endoplasm is moderately wounded.
The endoplasm freezes you.
You are frozen.
You shoot an arrow. The arrow hits the endoplasm.
The endoplasm is heavily wounded.
The endoplasm hits you.
572 ||| READING scroll of teleportation.
As you read the scroll of teleportation, it crumbles to dust.
You feel strangely unstable. The endoplasm hits you.
You die...

#.........###.....#.......
#.........##......########
#..........?.######
#....)......########
####+###'##..........# #
#....................#######
#######..##............'.'.'
#..###..........######
#....@..........# #
#.###J..........#
#.###...........#
#...#...........#
#.....#######...# #.#...#
#...# #...).# ##########
#.#...#### #.......
######...%....## #.......


You could see an endoplasm.

Vanquished Creatures
  A dart slug (D:1)
  An endoplasm (D:1)
  2 giant cockroaches (D:1)
  3 goblins (D:1)
  3 hobgoblins (D:1)
  3 jackals (D:1)
  2 ball pythons (D:1)
  2 bats (D:1)
  A frilled lizard (D:1)
  A kobold (D:1)
  2 rats (D:1)
21 creatures vanquished.

Notes
Turn   | Place    | Note
-------+----------+-------------------------------------------
     0 | D:1      | qw the Spriggan Hunter began the quest for the Orb.
     0 | D:1      | Reached XP level 1. HP: 10/10 MP: 2/2
     0 | D:1      | 0 ||| qw: Version: 0.3-a-160-g6735b56
     0 | D:1      | 0 ||| qw: Game counter: 5816
     0 | D:1      | 0 ||| qw: Melee chars always use a shield: true
     0 | D:1      | 0 ||| qw: God list: Okawaru
     0 | D:1      | 0 ||| qw: Allow faded altars: false
     0 | D:1      | 0 ||| qw: Do Orc after clearing Dungeon:15 true
     0 | D:1      | 0 ||| qw: Do second Lair branch before Depths: true
     0 | D:1      | 0 ||| qw: Lair rune preference: random
     0 | D:1      | 0 ||| qw: Goals: Normal
     0 | D:1      | 0 ||| PLANNING D:1-11
    50 | D:1      | Reached skill level 3 in Dodging
    95 | D:1      | Reached XP level 2. HP: 8/14 MP: 3/3
   540 | D:1      | 540 ||| READING 2 scrolls labelled EWAYD WAOKUFU.
   545 | D:1      | 545 ||| READING scroll labelled VAMONGUCUO.
   545 | D:1      | 545 ||| IDENTIFYING emerald potion
   546 | D:1      | 546 ||| READING scroll labelled CULOPTUSH FILL.
   547 | D:1      | 547 ||| READING scroll labelled TEBITI URGHOI.
   547 | D:1      | 547 ||| BRANDING +0 shortbow.
   548 | D:1      | 548 ||| DRINKING 2 fuming yellow potions.
   548 | D:1      | Gained mutation: You occasionally shout uncontrollably at
                  | your foes. [potion of mutation]
   548 | D:1      | Gained mutation: You are frail. (-10% HP) [potion of
                  | mutation]
   548 | D:1      | Gained mutation: You are partially covered in iridescent
                  | scales. (AC +2) [potion of mutation]
   549 | D:1      | 549 ||| DRINKING potion of mutation.
   549 | D:1      | Lost mutation: You are partially covered in iridescent
                  | scales. (AC +2) [potion of mutation]
   549 | D:1      | Lost mutation: You occasionally shout uncontrollably at
                  | your foes. [potion of mutation]
   549 | D:1      | Lost mutation: You are frail. (-10% HP) [potion of
                  | mutation]
   549 | D:1      | Gained mutation: You are somewhat resistant to further
                  | mutation. [potion of mutation]
   555 | D:1      | 555 ||| DROPPING scroll of butterflies.
   564 | D:2      | 564 ||| STAIRDANCE
   568 | D:2      | 568 ||| STAIRDANCE
   571 | D:1      | HP: 3/14 [endoplasm (1)]
   572 | D:1      | 572 ||| READING scroll of teleportation.
   572 | D:1      | Slain by an endoplasm

Levels and vault maps discovered:
D:1:      minmay_arrival_doors, layout_basic
D:2:      layout_rooms

Skill      XL: |  1  2 |
---------------+-------+-----
Dodging        | 3 4 |  4.0
Fighting       | |  1.5
Ranged Weapons | |  4.3
Stealth        | |  1.5

Action                     || total
---------------------------++-------
   Fire: Shortbow          ||    60
    Use: Scroll            ||     5
         Potion            ||     2
 Armour: Robe              ||     8
  Dodge: Dodged            ||    19

Table legend:
 A = Non-vault XP
 B = Vault XP
 C = Vault XP percentage of total XP
 D = Non-vault monster count
 E = Vault monster count
 F = Vault count percentage of total count
                 A         B        C        D         E       F
            +---------+---------+-------+---------+---------+-------
      Total |      36 |       0 |   0.0 |      21 |       0 |   0.0
            +---------+---------+-------+---------+---------+-------
        D:1 |      36 |       0 |   0.0 |      21 |       0 |   0.0
            +---------+---------+-------+---------+---------+-------
